 Dungeon Crawl Stone Soup version 0.28.0-43-g3370ac3207 (webtiles) character file.

Game seed: 16232448128819063671

28 Jerry the Chucker (level 2, 28/28 HPs)
             Began as a Troll Hunter on Mar 9, 2022.
             Was a Follower of Elyvilon.
             Quit the game on level 1 of the Dungeon.
             The game lasted 00:02:23 (565 turns).

Jerry the Chucker (Troll Hunter)                     Turns: 565, Time: 00:02:23

Health: 28/28      AC:  4    Str: 19    XL:     2   Next: 96%
Magic:  1/1        EV: 10    Int:  7    God:    Elyvilon [*.....]
Gold:   17         SH:  0    Dex: 10    Spells: 1/1 levels left

rFire   . . .      SeeInvis .   a - +0 short sword
rCold   . . .      Faith    .   (no shield)
rNeg    . . .      Spirit   .   b - +0 robe
rPois   .          Reflect  .   (helmet restricted)
rElec   .          Harm     .   (no cloak)
rCorr   .          Rampage  .   (gloves unavailable)
Will    .....                   (boots unavailable)
Stlth   +.........              (no amulet)
HPRegen 0.89/turn               (no ring)
MPRegen 0.07/turn               (no ring)

@: no status effects
A: large, unfitting armour, claws 3, regeneration 1, shaggy fur 1, tough skin 1
a: Renounce Religion, Purification


You were on level 1 of the Dungeon.
You worshipped Elyvilon.
Elyvilon was aware of your devotion.
You visited 1 branch of the dungeon, and saw 1 of its levels.

You collected 17 gold pieces.

Inventory:

Hand Weapons
 a - a +0 short sword (weapon)
 g - a +0 club
Missiles
 c - 5 large rocks (quivered)
 d - 2 throwing nets
Armour
 b - a +0 robe (worn)
Scrolls
 e - a scroll of enchant armour {unknown}
Potions
 f - a potion of attraction {unknown}
 h - a potion of curing {unknown}


   Skills:
 + Level 2.1 Fighting
 * Level 0.0 Maces & Flails
 + Level 3.9 Throwing
 + Level 2.1 Dodging
 - Level 0.3 Stealth


You had one spell level left.
You didn't know any spells.
Your spell library was empty.

Dungeon Overview and Level Annotations

Branches:
Dungeon (1/15)

Altars:
Elyvilon


Innate Abilities, Weirdness & Mutations

You are too large for most types of armour.
You have claws for hands.
Your natural rate of healing is unusually fast.
You are covered in fur. (AC +1)
You have tough skin. (AC +1)


Message History

The endoplasm hits you but does no damage.
You completely miss the endoplasm.
The endoplasm is heavily wounded.
The endoplasm hits you.
You hit the endoplasm.
You kill the endoplasm!
No target in view!
You see here a +0 club.
g - a +0 club A hobgoblin comes into view.
The hobgoblin shouts!
You barely miss the hobgoblin. The hobgoblin barely misses you.
You hit the hobgoblin but do no damage. The hobgoblin barely misses you.
You closely miss the hobgoblin. The hobgoblin hits you.
You hit the hobgoblin.
The hobgoblin is severely wounded.
The hobgoblin closely misses you.
You barely miss the hobgoblin.
The hobgoblin is severely wounded.
The hobgoblin barely misses you. The hobgoblin hits you.
You barely miss the hobgoblin.
The hobgoblin is severely wounded.
The hobgoblin hits you but does no damage.
You hit the hobgoblin.
You kill the hobgoblin!
No target in view!
Found a stone staircase leading down.
You open the door.
Found a faded altar of an unknown god.
There is an open door here.
There is an open door here.
h - an amethyst potion
There is an open door here.
There is a faded altar of an unknown god here.
You cannot tell which god this altar belongs to.
Convert to them anyway?
Elyvilon accepts your prayer! Elyvilon welcomes you!
You can now purify yourself.
Okay, then.
Are you sure you want to abandon this character and quit the game? (Confirm with "yes".)

.#
#................######
.#
#.#.#.#...P.P.........#
.#
#.#.#.#.###'###.#####.#
.#
#.#.#.#.#8...8#........
.#
#.#.#.#.#.###.#.#####.#
.# #.#.#.#.#.#5#.#.#
.#####.#(#...#.###.#.#
...##....#...#8...8#.#
.......†...#.###@###.#
#####...####...###...#
# ##.## #.........## #
#.######...#...... #
#............#### #
###########.## #
####.#### # #.......#
######### #.......#


You could see a white imp (petrified).

Vanquished Creatures
  2 dart slugs (D:1)
  3 endoplasms (D:1)
  A giant cockroach (D:1)
  3 goblins (D:1)
  6 hobgoblins (D:1)
  A kobold (D:1)
  A quokka (D:1)
  2 ball pythons (D:1)
19 creatures vanquished.

Notes
Turn   | Place    | Note
-------+----------+-------------------------------------------
     0 | D:1      | Jerry the Troll Hunter began the quest for the Orb.
     0 | D:1      | Reached XP level 1. HP: 19/19 MP: 0/0
   214 | D:1      | Reached XP level 2. HP: 24/28 MP: 1/1
   530 | D:1      | Found a faded altar of an unknown god.
   564 | D:1      | Prayed at the altar of an unknown god.
   564 | D:1      | Became a worshipper of Elyvilon the Healer
   564 | D:1      | Reached * piety under Elyvilon
   565 | D:1      | Quit the game

Illustrated notes

Levels and vault maps discovered:
D:1:      denvon_arrival_planthouse, layout_loops_ring,
          dreamdust_ecumenical_altar_sealed_demon, kennysheep_doodads

Skill      XL: |  1  2 |
---------------+-------+-----
Fighting       | 2 |  2.1
Dodging        | 2 |  2.1
Throwing       | |  3.9
Stealth        | |  0.3

Action                   || total
-------------------------++-------
Melee: Short sword       ||    71
 Stab: Sleeping          ||     1
Armor: Robe              ||    21
Dodge: Dodged            ||    28
